 Dungeon Crawl Stone Soup version 0.23-a0-550-g7de1f8e (webtiles) character file.

14467 MisterFreud the Basher (level 11, -7/104 HPs)
             Began as a Minotaur Abyssal Knight on Dec 9, 2018.
             Was a Priest of Lugonu.
             Mangled by a spiny frog (17 damage)
             ... on level 2 of the Lair of Beasts.
             The game lasted 00:25:07 (12820 turns).

MisterFreud the Basher (Minotaur Abyssal Knight)   Turns: 12820, Time: 00:25:08

Health: -7/104     AC: 12    Str: 20    XL:     11   Next: 89%
Magic:  14/14      EV: 11    Int:  9    God:    Lugonu [***...]
Gold:   328        SH:  5    Dex: 10    Spells: 10/10 levels left

rFire    . . .     SeeInvis .   B - +3 whip (elec)
rCold    . . .     Gourm    .   S - +0 buckler
rNeg     . . .     Faith    .   J - +0 chain mail
rPois    .         Spirit   .   (helmet restricted)
rElec    .         Reflect  .   (no cloak)
rCorr    .         Harm     .   r - +0 pair of gloves
MR       .....                  (no boots)
Stlth    ..........             (no amulet)
HPRegen  0.27/turn              (no ring)
MPRegen  0.14/turn              (no ring)

@: lethally poisoned (-7 -> -10)
A: retaliatory headbutt, horns 2
a: Depart the Abyss, Bend Space, Banish, Renounce Religion


You were on level 2 of the Lair of Beasts.
You worshipped Lugonu.
Lugonu was most pleased with you.
You were not hungry.

You visited 2 branches of the dungeon, and saw 13 of its levels.
You visited the Abyss 1 time.

You collected 718 gold pieces.
You spent 390 gold pieces at shops.

Inventory:

Hand Weapons
 a - a +1 falchion
 B - a +3 whip of electrocution (weapon)
 N - a +0 mace of protection
Missiles
 b - a throwing net
 g - 315 stones (quivered)
 h - 118 bolts
 i - 262 arrows
 k - 118 poisoned needles
 p - 38 sling bullets
 q - 7 needles of frenzy
 y - 18 tomahawks
 D - 6 needles of confusion
 G - 8 javelins
Armour
 r - a +0 pair of gloves (worn)
 s - a +0 large shield
 J - a +0 chain mail (worn)
 S - a +0 buckler (worn)
Wands
 w - a wand of paralysis (5)
 A - a wand of flame (48)
 I - a wand of enslavement (7)
 K - a wand of clouds (6)
 L - a wand of iceblast (14)
 R - a wand of disintegration (11)
 T - a wand of random effects (25)
Scrolls
 e - 3 scrolls of fear
 l - 5 scrolls of teleportation
 m - 3 scrolls of enchant weapon {unknown}
 n - 4 scrolls of remove curse
 t - a scroll of immolation {unknown}
 u - 2 scrolls of amnesia {unknown}
 x - 4 scrolls of fog
 O - 2 scrolls of magic mapping
Potions
 d - 3 potions of brilliance
 f - 4 potions of magic
 j - 9 potions of curing
 o - a potion of resistance {unknown}
 v - 2 potions of haste
 z - a potion of heal wounds
 C - 3 potions of flight
 E - 6 potions of invisibility
 F - 2 potions of agility {unknown}
 H - a potion of lignification {unknown}
 P - a potion of berserk rage {unknown}
 Q - 2 potions of cancellation {unknown}
Comestibles
 c - 28 rations
 M - 4 chunks of flesh


   Skills:
 - Level 12.0 Fighting
 - Level 2.4 Long Blades
 - Level 12.0 Maces & Flails
 - Level 8.0 Armour
 - Level 8.1 Dodging
 * Level 8.5 Shields
 - Level 6.0 Invocations


You had 10 spell levels left.
You didn't know any spells.
Your spell library contained the following spells:

 Spells                   Type           Power        Failure   Level  Hunger
 Infusion                 Chrm           #...         97%         1    ##.....
 Sandblast                Erth           #.....       97%         1    ##.....
 Passwall                 Tmut/Erth      #.......     99%         2    ###....
 Shroud of Golubria       Chrm/Tloc      #.........   99%         2    ###....
 Song of Slaying          Chrm           #.......     99%         2    ###....
 Regeneration             Chrm/Necr      #.........   100%        3    ####...
 Spectral Weapon          Hex/Chrm       #.......     100%        3    ####...
 Stone Arrow              Conj/Erth      #.....       100%        3    ####...
 Petrify                  Tmut/Erth      #.......     100%        4    #####..
 Lee's Rapid Deconstruct  Erth           #.........   100%        5    ######.


Dungeon Overview and Level Annotations

Branches:
Dungeon (11/15)              Lair (2/6) D:9          Spider (0/4) Lair:2
    Orc (0/2) D:11
 Temple: D:4-7        Swamp: Lair:2-4    Shoals: Lair:2-4

Altars:
Fedhas
Nemelex Xobeh
Vehumet

Shops:
D:5 ?   D:8 =   D:9 !   D:10 *

Annotations:
D:9 2 transporters, Uhlv's ghost, novice TrWn
D:11 Sonja
Abyss:1 Erica


Innate Abilities, Weirdness & Mutations

You reflexively headbutt those who attack you in melee.
You have a pair of horns on your head.


Message History

The spiny frog barely misses you.
You closely miss the spiny frog. Your headbutt misses the spiny frog.
The spiny frog is moderately wounded.
You hit the spiny frog.
The spiny frog is moderately wounded.
The spiny frog stings you.
* * * LOW HITPOINT WARNING * * *
You are poisoned.
The spiny frog poisons you!
You hit the spiny frog but do no damage.
You headbutt the spiny frog, but do no damage.
The spiny frog is moderately wounded.
You feel sick.
You feel sick. The spiny frog stings you!
* * * LOW HITPOINT WARNING * * *
You feel sick.
You feel sick.
You feel sick. The spiny frog stings you!
You die...

.................... ............
.................................
.................................
.............................####
....#.P.P.#........#..##......###
.....#..#.#P......#..####....P#.P
..........##.......#...#P....##..
....P..........r...#.............
..........#....F@.#.....#....#.#.
....#.#..#.#...<...#.........###.
...#.#...##............##....#.≈.
..................P##)##........≈
..................##...#P......≈.
...............................≈≈
............................≈≈
...........................
..........##.#PP.......≈≈


You could see a spiny frog and a porcupine.

Vanquished Creatures
  Erolcha (D:9)
  Pikel (D:9)
  An ugly thing (D:10)
  4 spiny frogs
  3 komodo dragons (Lair:1)
  A troll (D:11)
  A jumping spider (Lair:2)
  A polar bear (Lair:2)
  Grinder (D:4)
  3 hippogriffs
  3 yaks
  A wyvern (D:11)
  3 hogs (D:7)
  A human (D:7)
  2 water moccasins
  5 porcupines
  A black bear (D:7)
  2 ice beasts
  3 sky beasts
  2 slaves (D:9)
  2 eyes of draining
  6 orc warriors
  3 ogres
  A necrophage (D:6)
  2 phantoms
  6 centaurs
  2 crocodiles
  12 bullfrogs
  7 scorpions
  A wyvern skeleton (D:7)
  8 killer bees
  A wight (D:11)
  4 howler monkeys
  4 bullfrog zombies
  3 crimson imps
  2 quasits
  A centaur zombie (D:7)
  6 hounds
  3 orc priests
  A bullfrog skeleton (D:11)
  Jessica (D:3)
  5 iguanas
  3 orc wizards
  5 hell rats (Lair:1)
  2 worker ants
  A hound zombie (D:6)
  A hound skeleton (D:5)
  A howler monkey zombie (D:6)
  A worker ant zombie (D:8)
  11 adders
  5 river rats (Lair:1)
  3 shadow imps
  A white imp (D:7)
  An ooze (D:5)
  An adder skeleton (D:6)
  An adder zombie (D:9)
  3 dart slugs
  3 leopard geckos (D:2)
  18 orcs
  2 giant cockroaches (D:3)
  9 goblins
  4 hobgoblins
  6 jackals
  5 quokkas
  8 bats
  4 frilled lizards
  4 kobolds
  2 quokka skeletons
  A quokka zombie (D:5)
  9 rats
236 creatures vanquished.

Vanquished Creatures (others)
  A vault guard (D:11)
  2 hydras
  A two-headed ogre (D:8)
  An ugly thing (D:7)
  A cyclops (D:11)
  A gargoyle (D:10)
  A steam dragon (D:11)
  2 killer bees (D:8)
  27 fungi (D:9)
  2 plants (D:9)
39 creatures vanquished.

Grand Total: 275 creatures vanquished

Notes
Turn   | Place    | Note
-------+----------+-------------------------------------------
     0 | Abyss:1  | MisterFreud the Minotaur Abyssal Knight began the quest for
                  | the Orb.
     0 | Abyss:1  | Reached XP level 1. HP: 19/19 MP: 1/1
     6 | D:1      | Escaped the Abyss
   566 | D:2      | Reached XP level 2. HP: 22/28 MP: 2/2
   689 | D:2      | Reached skill level 5 in Fighting
   743 | D:2      | Found a radiant altar of Vehumet.
   962 | D:2      | Reached XP level 3. HP: 35/36 MP: 3/3
   994 | D:2      | Reached ** piety under Lugonu
  1231 | D:3      | Noticed Jessica
  1249 | D:3      | Killed Jessica
  1249 | D:3      | Reached XP level 4. HP: 23/44 MP: 4/4
  1703 | D:3      | Reached XP level 5. HP: 52/52 MP: 5/5
  2205 | D:4      | Noticed Grinder
  2206 | D:4      | Paralysed by Grinder for 4 turns
  2225 | D:4      | Killed Grinder
  2225 | D:4      | Reached XP level 6. HP: 39/61 MP: 5/8
  2652 | D:5      | Entered Level 5 of the Dungeon
  2711 | D:5      | Reached XP level 7. HP: 51/68 MP: 9/9
  2777 | D:5      | Reached skill level 5 in Invocations
  3480 | D:6      | Reached skill level 1 in Maces & Flails
  3628 | D:6      | Reached *** piety under Lugonu
  3733 | D:6      | Reached XP level 8. HP: 72/72 MP: 11/11
  3831 | D:6      | Reached skill level 5 in Maces & Flails
  4395 | D:5      | Found a sparkling altar of Nemelex Xobeh.
  4401 | D:5      | Found Jiplarcha's Magic Scroll Shop.
  4409 | D:5      | Bought a scroll of teleportation for 39 gold pieces
  4409 | D:5      | Bought a scroll of teleportation for 39 gold pieces
  4409 | D:5      | Bought a scroll of fear for 45 gold pieces
  5283 | D:7      | Reached XP level 9. HP: 50/79 MP: 12/12
  5528 | D:7      | Noticed a white ugly thing
  5529 | D:7      | Banished a white ugly thing
  5529 | D:7      | Reached skill level 10 in Maces & Flails
  6327 | D:7      | Reached skill level 5 in Dodging
  6375 | D:7      | Reached XP level 10. HP: 53/86 MP: 13/13
  6581 | D:8      | Reached **** piety under Lugonu
  6993 | D:8      | Noticed Erica
  6998 | D:8      | Banished Erica
  7199 | D:8      | Found Ebrujeb's Jewellery Shop.
  7247 | D:8      | Noticed a two-headed ogre
  7250 | D:8      | Banished a two-headed ogre
  7661 | D:8      | Found a sparkling altar of Nemelex Xobeh.
  7665 | D:8      | Found a blossoming altar of Fedhas.
  7731 | D:9      | Found a transporter.
  7740 | D:9      | Noticed Erolcha
  7757 | D:9      | Killed Erolcha
  7815 | D:9      | Reached skill level 10 in Fighting
  7853 | D:9      | Found a staircase to the Lair.
  7958 | D:9      | HP: 4/95 [crocodile (17)]
  8364 | D:9      | Noticed Uhlv's ghost (novice TrWn)
  8394 | D:9      | Found a transporter.
  8546 | D:9      | Found Ecweor's Distillery.
  8557 | D:9      | Bought a potion of degeneration for 14 gold pieces
  8584 | D:9      | Noticed Pikel
  8619 | D:9      | Killed Pikel
  8766 | D:10     | Entered Level 10 of the Dungeon
  8837 | D:10     | Reached XP level 11. HP: 86/104 MP: 14/14
  9155 | D:10     | Found Wiaphefau's General Store.
  9164 | D:10     | Bought a potion of heal wounds for 65 gold pieces
  9164 | D:10     | Bought a potion of invisibility for 104 gold pieces
  9164 | D:10     | Bought a scroll of teleportation for 39 gold pieces
  9164 | D:10     | Bought a scroll of magic mapping for 45 gold pieces
  9880 | D:11     | Reached skill level 5 in Armour
  9955 | D:11     | Found a staircase to the Orcish Mines.
 10001 | D:11     | Found a flagged portal.
 10122 | D:11     | Noticed a six-headed hydra
 10122 | D:11     | Noticed a green ugly thing
 10124 | D:11     | Banished a six-headed hydra
 10178 | D:10     | Killed a green ugly thing
 10787 | D:11     | Noticed Sonja
 11070 | D:11     | Noticed a vault guard
 11074 | D:11     | Banished a vault guard
 11124 | Lair:1   | Entered Level 1 of the Lair of Beasts
 11654 | Lair:1   | Reached skill level 5 in Shields
 12164 | Lair:1   | Noticed a six-headed hydra
 12167 | Lair:1   | Banished a six-headed hydra
 12604 | Lair:2   | Found a hole to the Spider Nest.
 12820 | Lair:2   | Mangled by a spiny frog

Vault maps used:
D:1:      dpeg_arrival_pits, hangedman_decor_slide_cut, minmay_misc_feat_square
D:2:      old_standard_altar
D:3:      wander_river, uniq_jessica
D:4:      lemuel_zombie_altar_kikubaaqudgha, temple_hall, first_ration,
          minmay_close_crescents, uniq_grinder
D:5:      serial_shops, shop, nemelex_diamond_rough_becter
D:7:      cheibrodos_fzero, grunt_livestock, minmay_fire_ice_demons
D:8:      nicolae_overflow_hidden_temple, serial_shops, shop, sigmund_army,
          uniq_erica
D:9:      due_lair_maze_entry_diamond, gammafunk_ghost_mausoleum, serial_shops,
          shop, uniq_pikel, uniq_erolcha
D:10:     serial_shops, shop, hangedman_decor_peaks_small
D:11:     minmay_octagon_keep, orc_0_dummy, enter_trove_5, enter_bailey_3,
          minmay_door_square, uniq_sonja
Lair:1:   statuecave_lemuel, kennysheep_abandoned_house, lemuel_fruit_tree
Lair:2:   spider_nest_entry_a, chequers_serial_rivers_room_a

Skill      XL: |  1  2  3  4  5  6  7  8  9 10 11 |
---------------+----------------------------------+-----
Fighting       | 4 5 6 7 8 11 12 | 12.0
Invocations    | 4 6 |  6.0
Maces & Flails | 4 9 12 | 12.0
Dodging        | 6 8 |  8.1
Armour         | 3 8 |  8.0
Shields        | 8 |  8.5
Long Blades    | |  2.4

Action                   |  1- 3 |  4- 6 |  7- 9 | 10-12 || total
-------------------------+-------+-------+-------+-------++-------
Melee: Falchion          |    44 |    89 |    35 |       ||   168
       Headbutt          |     4 |    15 |    44 |    81 ||   144
       Whip              |       |       |   225 |   487 ||   712
Throw: Javelin           |       |       |       |     1 ||     1
Invok: Banish            |       |       |     1 |    19 ||    20
  Use: Scroll            |     5 |     2 |     2 |     7 ||    16
       Potion            |       |     3 |       |     4 ||     7
 Stab: Sleeping          |     1 |       |       |       ||     1
  Eat: Chunk             |     1 |     3 |    10 |    19 ||    33
       Ration            |       |       |     1 |     2 ||     3
Armor: Leather armour    |     7 |    28 |    50 |    11 ||    96
       Chain mail        |       |       |       |   106 ||   106
Dodge: Dodged            |    20 |    84 |    91 |   205 ||   400
Block: Buckler           |       |       |       |    18 ||    18
       Rpst.: Falchion   |     3 |    27 |     4 |       ||    34

Table legend:
 A = Non-vault XP
 B = Vault XP
 C = Vault XP percentage of total XP
 D = Non-vault monster count
 E = Vault monster count
 F = Vault count percentage of total count
                 A         B        C        D         E       F
            +---------+---------+-------+---------+---------+-------
      Total |   12234 |    8434 |  40.8 |     171 |      74 |  30.2
            +---------+---------+-------+---------+---------+-------
        D:1 |      10 |       0 |   0.0 |       5 |       0 |   0.0
        D:2 |      49 |       0 |   0.0 |      15 |       0 |   0.0
        D:3 |     144 |      37 |  20.4 |      20 |       1 |   4.8
        D:4 |      53 |     414 |  88.7 |       2 |       6 |  75.0
        D:5 |     568 |       0 |   0.0 |      13 |       0 |   0.0
        D:6 |     876 |       0 |   0.0 |      29 |       0 |   0.0
        D:7 |    1009 |    2459 |  70.9 |       9 |      22 |  71.0
        D:8 |    1142 |     465 |  28.9 |      15 |       5 |  25.0
        D:9 |     858 |    2779 |  76.4 |      15 |      11 |  42.3
       D:10 |    1639 |     206 |  11.2 |      17 |       1 |   5.6
       D:11 |    1562 |    1392 |  47.1 |      16 |      10 |  38.5
     Lair:1 |    2685 |     393 |  12.8 |      10 |      17 |  63.0
     Lair:2 |    1639 |     289 |  15.0 |       5 |       1 |  16.7
            +---------+---------+-------+---------+---------+-------
